 Dungeon Crawl Stone Soup version 0.17-a0-82-g3e33fa6 (webtiles) character file.

48 mcmurder the Magician (level 3, 0/24 HPs)
             Began as a Mummy Wizard on Mar 16, 2015.
             Slain by an adder (1 damage)
             ... on level 2 of the Dungeon.
             The game lasted 00:05:29 (1439 turns).

mcmurder the Magician (Mummy Wizard)                Turns: 1439, Time: 00:05:29

Health: 0/24       AC:  4    Str: 10    XL:     3   Next: 50%
Magic:  0/7        EV: 11    Int: 18    God:
Gold:   43         SH:  0    Dex: 10    Spells: 3 memorised, 3 levels left

rFire  x . .     SeeInvis .     f - +0 hand axe
rCold  + . .     Clarity  .     g - +0 leather armour
rNeg   + + +     SustAb   .     (no shield)
rPois  ∞         Gourm    .     b - +1 hat
rElec  .         Spirit   .     (no cloak)
rCorr  .         Warding  .     (no gloves)
rMut   .         Stasis   .     (no boots)
MR     .....                    (no amulet)
Stlth  +.........               (no ring)
                                (no ring)

@: not resistant to hostile enchantments, very unstealthy
A: no food or potions, fire vulnerability, restore body, cold resistance 1,
negative energy resistance 3, poison resistance, torment resistance, unbreathing
a: no special abilities


You were on level 2 of the Dungeon.
You were not hungry.

You visited 1 branch of the dungeon, and saw 2 of its levels.

You collected 43 gold pieces.

Inventory:

Hand weapons
 f - a +0 hand axe (weapon)
Armour
 b - a +1 hat (worn)
 g - a +0 leather armour (worn)
Books
 c - a book of Minor Magic

   Spells                             Type                      Level
   a - Magic Dart                     Conjuration                  1
   b - Blink                          Translocation                2
   c - Call Imp                       Summoning                    2
   d - Repel Missiles                 Charms/Air                   2
   e - Slow                           Hexes                        2
   f - Conjure Flame                  Conjuration/Fire             3
   g - Mephitic Cloud                 Conjuration/Poison/Air       3


   Skills:
 - Level 1.5 Dodging
 - Level 1.5 Stealth
 - Level 3.0 Spellcasting
 + Level 2.8 Conjurations
 - Level 0.7 Summonings
 - Level 0.7 Translocations


You had 3 spell levels left.
You knew the following spells:

 Your Spells              Type           Power        Failure   Level  Hunger
a - Magic Dart            Conj           ##..         10%         1    N/A
b - Blink                 Tloc           N/A          30%         2    N/A
c - Call Imp              Summ           #.......     30%         2    N/A

Dungeon Overview and Level Annotations

Branches:
Dungeon (2/15)

Altars:


Innate Abilities, Weirdness & Mutations

You do not eat or drink.
Your flesh is vulnerable to fire.
Your flesh is cold resistant.
You are immune to negative energy.
Your system is resistant to poisons.
You are immune to unholy pain and torment.
You can survive without breathing.


Message History

Aiming: Magic Dart
Press: ? - help, Shift-Dir - straight line, f/p - adder
Aim: an adder (heavily wounded)
The magic dart hits the adder.
The adder is heavily wounded.
The adder closely misses you.
Your crimson imp blinks!
Read which item? (? for menu, Esc to quit)
As you read the scroll labeled PUYRU GOYF, it crumbles to dust.
Forget which spell ([?*] list [ESC] exit)?
Forget which spell ([?*] list [ESC] exit)?
Okay, then.
It was a scroll of amnesia.
The adder barely misses you.
Your crimson imp hits the adder but does no damage.
You closely miss the adder.
The adder is heavily wounded.
The adder bites you.
* * * LOW HITPOINT WARNING * * *
The adder bites you.
You die...

##### #.#.#..###.# ....#
#.#......†.###
....######.####+###...#
....#.............###.#
....#.................#
....#.............#######
....((.......>....#....<#
....#..........5..'...###
....#......(§..S@.#.#.#
....#.............#÷#.#
....#.............#...##
##'##.)...........P....##
#.##............♣♣♣....#
#.##...........♣♣♣P.PP.#
#'##########...♣...P.P.#
...........♣♣.......#
..........PP♣♣P..P.##


You could see an adder and a friendly crimson imp.

Vanquished Creatures
  3 giant geckos (D:1)
  An ooze (D:1)
  A ball python (D:1)
  7 bats
  A giant cockroach (D:2)
  6 goblins
  5 hobgoblins
  5 kobolds
  5 rats
34 creatures vanquished.

Vanquished Creatures (collateral kills)
  Terence (D:2)
1 creature vanquished.

Grand Total: 35 creatures vanquished

Notes
Turn   | Place    | Note
--------------------------------------------------------------
     0 | D:1      | mcmurder, the Mummy Wizard, began the quest for the Orb.
     0 | D:1      | Reached XP level 1. HP: 13/13 MP: 4/4
    14 | D:1      | Reached skill level 1 in Conjurations
   165 | D:1      | Reached XP level 2. HP: 19/19 MP: 1/6
   169 | D:1      | Learned a level 2 spell: Blink
   856 | D:2      | Reached XP level 3. HP: 22/24 MP: 7/7
   860 | D:2      | Learned a level 2 spell: Call Imp
   860 | D:2      | Noticed Terence
   892 | D:2      | Killed Terence
  1435 | D:2      | HP: 1/24 [adder (2)]
  1439 | D:2      | Slain by an adder

Action                   || total
-------------------------++-------
Melee: Hand axe          ||    42
 Cast: Magic Dart        ||    85
       Call Imp          ||     3
  Use: Scroll            ||     3
 Stab: Distracted        ||     2
